 Dungeon Crawl Stone Soup version 0.30.1-11-g7821555f0a (webtiles) character file.

Game seed: 13884149990041870415

187 porpoise the Shooter (level 5, 0/46 HPs)
             Began as a Minotaur Hunter on Dec 27, 2023.
             Slain by a gnoll
             ... wielding a +1 whip of venom
              (7 damage)
             ... on level 3 of the Dungeon.
             The game lasted 00:05:53 (2292 turns).

porpoise the Shooter (Minotaur Hunter)              Turns: 2292, Time: 00:05:54

Health: 0/46       AC:  6    Str: 15    XL:     5   Next: 39%
Magic:  4/4        EV: 11    Int:  6    God:
Gold:   184        SH:  0    Dex: 16    Spells: 4/4 levels left

rFire   . . .        a - +0 shortbow
rCold   . . .        (shield currently unavailable)
rNeg    . . .        m - +0 ring mail
rPois   .            (helmet restricted)
rElec   .            n - +0 cloak
rCorr   .            (no gloves)
SInv    .            (no boots)
Will    .....        (no amulet)
Stlth   +            (no ring)
HPRegen 0.27/turn    (no ring)
MPRegen 0.09/turn

%: no passive effects
@: no status effects
A: horns 2, retaliatory headbutt
a: no special abilities


You were on level 3 of the Dungeon.
You visited 1 branch of the dungeon, and saw 3 of its levels.

You collected 184 gold pieces.

Inventory:

Hand Weapons
 a - a +0 shortbow (weapon)
 b - a +0 hand axe
Missiles
 j - 13 poisoned darts
Armour
 c - a +0 buckler
 m - a +0 ring mail (worn)
 n - a +0 cloak (worn)
Jewellery
 e - a ring of ice
Scrolls
 h - a scroll of fear {unknown}
 i - a scroll of enchant armour {unknown}
 l - 3 scrolls of amnesia {unknown}
 o - 2 scrolls of immolation
 p - a scroll of poison {unknown}
 q - a scroll of identify {unknown}
Potions
 f - 3 potions of degeneration {unknown}
 g - 2 potions of heal wounds {unknown}
 k - a potion of haste {unknown}
 r - a potion of mutation {unknown}


   Skills:
 + Level 4.0 Fighting
 * Level 6.1 Ranged Weapons
 + Level 2.8 Armour
 - Level 2.1 Dodging
 - Level 0.7 Stealth


You had 4 spell levels left.
You didn't know any spells.
Your spell library was empty.

Dungeon Overview and Level Annotations

Branches:
Dungeon (3/15)

Altars:
Wu Jian


Innate Abilities, Weirdness & Mutations

You have a pair of horns on your head.
You reflexively headbutt those who attack you in melee.


Message History

You shoot an arrow. The arrow hits the gnoll!
The gnoll is almost dead.
The gnoll hits you but does no damage.
Fire: a) +0 shortbow
Press: ? - help, Q - select action, (/) - cycle Shift-Dir - straight line, f/p - gnoll
Aim: a gnoll, wielding a +1 whip of venom (lightly wounded, 68% to hit)
You shoot an arrow. The arrow hits the gnoll!
You kill the gnoll!
Unknown command.
Fire: a) +0 shortbow
Press: ? - help, Q - select action, (/) - cycle Shift-Dir - straight line, f/p - gnoll
Aim: a gnoll, wielding a +1 whip of venom (lightly wounded, 68% to hit)
You shoot an arrow. The arrow barely misses the gnoll.
The arrow hits the gnoll but does no damage.
The gnoll is lightly wounded.
The gnoll completely misses you. You furiously retaliate!
You headbutt the gnoll, but do no damage.
The gnoll hits you with a +0 club.
* * * LOW HITPOINT WARNING * * *
Fire: a) +0 shortbow
Press: ? - help, Q - select action, (/) - cycle Shift-Dir - straight line, f/p - gnoll
Aim: a gnoll, wielding a +1 whip of venom (lightly wounded, 68% to hit)
You shoot an arrow. The arrow hits the gnoll.
You kill the gnoll!
Your Fighting skill increases to level 4!
Fire: a) +0 shortbow
Press: ? - help, Q - select action, (/) - cycle Shift-Dir - straight line, f/p - gnoll
Aim: a gnoll, wielding a +1 whip of venom (lightly wounded, 69% to hit)
You shoot an arrow. The arrow hits the gnoll!
The gnoll is almost dead.
The gnoll hits you with a +1 whip of venom.
* * * LOW HITPOINT WARNING * * *
Fire: a) +0 shortbow
Press: ? - help, Q - select action, (/) - cycle Shift-Dir - straight line, f/p - gnoll
Aim: a gnoll, wielding a +1 whip of venom (almost dead, 69% to hit)
You shoot an arrow. The arrow barely misses the gnoll.
The arrow hits the kobold!
You kill the kobold!
The gnoll hits you with a +1 whip of venom!
You die...

. ... ...# ## ###.
#.. #.:# .... .
###### ...
.....#..#r# #...##
... .....#..#.
#.#... ...
......... #...##
#..
#......)####...
##.## #.......#
#.# ##.###### #.#
#)g@>.##########.#
#####.#.......##.#
#.#.#####.##.#
#.#.#####.##.#
#.#..........#
#.#.##.##.####
#......##)#
###.......#
#.......#


You could see a gnoll.

Vanquished Creatures
  An orc priest (D:3)
  An orc wizard (D:3)
  3 gnolls (D:3)
  4 adders
  2 worms (D:2)
  A dart slug (D:2)
  4 orcs (D:3)
  A ball python (D:1)
  2 bats
  An endoplasm (D:2)
  A giant cockroach (D:1)
  2 goblins
  2 hobgoblins (D:1)
  5 frilled lizards
  5 kobolds
  8 rats
43 creatures vanquished.

Vanquished Creatures (others)
  An orc wizard (D:3)
1 creature vanquished.

Grand Total: 44 creatures vanquished

Notes
Turn   | Place    | Note
-------+----------+-------------------------------------------
     0 | D:1      | porpoise the Minotaur Hunter began the quest for the Orb.
     0 | D:1      | Reached XP level 1. HP: 18/18 MP: 0/0
   714 | D:1      | Reached XP level 2. HP: 25/25 MP: 1/1
   881 | D:1      | Found a faded altar of an unknown god.
  1036 | D:2      | Reached skill level 1 in Armour
  1203 | D:2      | Reached skill level 5 in Ranged Weapons
  1259 | D:2      | Reached XP level 3. HP: 26/31 MP: 2/2
  1725 | D:3      | Reached XP level 4. HP: 27/38 MP: 3/3
  1764 | D:3      | Reached XP level 5. HP: 10/46 MP: 4/4
  2117 | D:3      | Found an ornate altar of the Wu Jian Council.
  2277 | D:3      | Reached skill level 6 in Ranged Weapons
  2292 | D:3      | Slain by a gnoll

Illustrated notes

Levels and vault maps discovered:
D:1:      wander_arrival_chamber, layout_basic, ebering_ecumenical_altar_hall,
          kennysheep_flooded_box, amcnicky_mini_rare_corridor_liquid,
          serial_bayou_crossing
D:2:      layout_rooms, kennysheep_pointless_box, nicolae_figureground_pulse
D:3:      layout_loops_cross, mainiacjoe_overflow_brackets,
          mainiacjoe_overflow_tiny_flanked

Skill      XL: |  1  2  3  4  5 |
---------------+----------------+-----
Armour         | 1 2 |  2.8
Fighting       | 3 4 |  4.0
Ranged Weapons | 5 6 |  6.1
Dodging        | |  2.1
Stealth        | |  0.7

Action                     |  1- 3 |  4- 6 || total
---------------------------+-------+-------++-------
  Melee: Unarmed           |       |    12 ||    12
         Headbutt          |       |     4 ||     4
   Fire: Shortbow          |    89 |    62 ||   151
    Use: Potion            |       |     3 ||     3
 Armour: Leather armour    |     3 |       ||     3
         Ring mail         |     8 |    24 ||    32
  Dodge: Dodged            |    13 |    17 ||    30
